 Dungeon Crawl Stone Soup version 0.29-a0-233-g1125b37a9b (webtiles) character file.

Game seed: 9198991689470478887

49 jfcaron the Conjurer (level 3, -2/28 HPs)
             Began as a Demonspawn Wanderer on Mar 2, 2022.
             Succumbed to a kobold's poison
             ... on level 3 of the Dungeon.
             The game lasted 00:02:12 (1086 turns).

jfcaron the Conjurer (Demonspawn Wanderer)          Turns: 1086, Time: 00:02:12

Health: -2/28      AC:  3    Str: 12    XL:     3   Next: 51%
Magic:  6/6        EV: 11    Int: 13    God:
Gold:   64         SH:  0    Dex: 14    Spells: 5/6 levels left

rFire   . . .      SeeInvis .   e - +0 spear (vamp)
rCold   . . .      Faith    .   (no shield)
rNeg    . . .      Spirit   .   d - +0 robe
rPois   .          Reflect  .   (no helmet)
rElec   .          Harm     .   (no cloak)
rCorr   .          Rampage  .   j - +0 pair of gloves
Will    .....                   (no boots)
Stlth   +.........              (no amulet)
HPRegen 0.09/turn               (no ring)
MPRegen 0.10/turn               (no ring)

@: mighty, brilliant, lethally poisoned (-2 -> -14)
A: powered by pain 1
a: no special abilities


You were on level 3 of the Dungeon.
You visited 1 branch of the dungeon, and saw 3 of its levels.

You collected 64 gold pieces.

Inventory:

Hand Weapons
 a - a +0 dagger
 e - a +0 vampiric spear (weapon)
Missiles
 b - 8 poisoned darts (quivered)
 f - 62 stones
 k - 2 atropa-tipped darts
Armour
 d - a +0 robe (worn)
 j - a +0 pair of gloves (worn)
Scrolls
 c - 2 scrolls of fog
 h - a scroll of holy word {unknown}
 i - a scroll of identify {unknown}
 l - a scroll of magic mapping {unknown}
 m - 2 scrolls of enchant armour {unknown}
 n - a scroll of vulnerability {unknown}


   Skills:
 + Level 2.5 Fighting
 - Level 1.0 Throwing
 + Level 2.8 Armour
 - Level 2.0 Spellcasting
 - Level 3.0 Conjurations
 - Level 1.2 Invocations


You had 5 spell levels left.
You knew the following spells:

 Your Spells              Type           Power      Damage    Failure   Level
a - Shock                 Conj/Air       28%        1d4       14%         1

Your spell library contained the following spells:

 Spells                   Type           Power      Damage    Failure   Level
 Fulminant Prism          Conj/Hex       3%         3d6       80%         4
 Hailstorm                Conj/Ice       7%         3d4       80%         4


Dungeon Overview and Level Annotations

Branches:
Dungeon (3/15)

Altars:

Annotations:
D:3 Sigmund


Innate Abilities, Weirdness & Mutations

You sometimes gain a little power by taking damage.


Message History

Sigmund the Dreaded comes into view.
He is wielding a +0 scythe and carrying a wand of polymorph (9).
You aren't carrying any items that you can evoke.
Sorry, you're not good enough to have a special ability.
Unknown command.
It was a potion of brilliance.
You feel clever all of a sudden. The kobold misses you.
You closely miss the kobold.
The kobold is moderately wounded.
The kobold barely misses you.
Sigmund hits you from afar with a +0 scythe!
You focus on the pain.
You feel very mighty all of a sudden.
Unknown command.
You aren't carrying any items that you can evoke.
You aren't carrying any potions.
Unknown command.
Okay, then.
Okay, then.
The kobold throws a poisoned dart.
The poisoned dart hits you!
You are lethally poisoned!
You feel very sick.
The kobold throws a poisoned dart.
The poisoned dart closely misses you.
Sigmund says, "Now you see me, now you don't..."
* * * LOW HITPOINT WARNING * * *
You feel sick.
Sigmund mumbles some strange words.
Sigmund flickers and vanishes!
Deactivating autopickup; reactivate with Ctrl-A.
The kobold throws a poisoned dart.
The poisoned dart hits you!
You are more poisoned.
* * * LOW HITPOINT WARNING * * *
You feel very sick.
The kobold throws a poisoned dart.
The poisoned dart misses you.
Unknown command.
* * * LOW HITPOINT WARNING * * *
You feel very sick.
The kobold throws a poisoned dart.
The poisoned dart barely misses you.
Unknown command.
You die...

#...# #.### #.#
#.# #.# #.# #.#
########.#
####.##{.....@.#
.......K########
##...#### #.. #


You could see a kobold.

Vanquished Creatures
  2 adders
  2 dart slugs (D:1)
  2 endoplasms (D:1)
  2 giant cockroaches (D:1)
  A goblin (D:2)
  4 hobgoblins (D:1)
  2 quokkas (D:1)
  5 ball pythons (D:1)
  A bat (D:1)
  2 kobolds (D:1)
  3 rats (D:1)
26 creatures vanquished.

Notes
Turn   | Place    | Note
-------+----------+-------------------------------------------
     0 | D:1      | jfcaron the Demonspawn Wanderer began the quest for the
                  | Orb.
     0 | D:1      | jfcaron set off with the following items: a +0 dagger, 11
                  | poisoned darts, a scroll of fog, a +0 robe; and the
                  | following spell memorised: Shock; and the following spells
                  | available to memorise: Fulminant Prism, Hailstorm
     0 | D:1      | Reached XP level 1. HP: 15/15 MP: 3/3
    79 | D:1      | Gained mutation: You sometimes gain a little power by
                  | taking damage. [demonic ancestry]
    79 | D:1      | Reached XP level 2. HP: 22/22 MP: 5/5
   579 | D:1      | Reached XP level 3. HP: 25/27 MP: 6/6
  1078 | D:3      | Noticed Sigmund
  1084 | D:3      | HP: 4/28 [poisoned by a kobold]
  1085 | D:3      | HP: 1/28 [poisoned by a kobold]
  1086 | D:3      | Succumbed to a kobold's poison

Illustrated notes

Levels and vault maps discovered:
D:1:      dpeg_arrival_three_same_balls, layout_basic, minmay_tetromino_o2
D:2:      layout_loops_cross, hellmonk_ecumenical_altar_arch_garden
D:3:      layout_loops_ring, uniq_sigmund

Skill      XL: |  1  2 |
---------------+-------+-----
Armour         | 2 |  2.8
Fighting       | 2 |  2.5
Throwing       | |  1.0
Spellcasting   | |  2.0
Conjurations   | |  3.0
Invocations    | |  1.2

Action                   || total
-------------------------++-------
Melee: Spear             ||    86
       Punch             ||     1
Throw: Dart              ||    55
       Stone             ||     8
  Use: Potion            ||     1
 Stab: Sleeping          ||     2
Armor: Robe              ||    21
Dodge: Dodged            ||    40

Table legend: (Time is in decaauts)
 A = Elapsed time spent in this place.
 B = Non-inter-level travel time spent in this place.
 C = Inter-level travel time spent in this place.
 D = Time resting spent in this place.
 E = Time spent auto-exploring this place.
 F = Levels seen in this place.
 G = Mean time per level.
                   A        B        C        D        E       F      G
               +--------+--------+--------+--------+--------+-----+--------+
         Total |   1092 |   1051 |     41 |    282 |    517 |   3 |  364.0 |
       Dungeon |   1092 |   1051 |     41 |    282 |    517 |   3 |  364.0 |
               +--------+--------+--------+--------+--------+-----+--------+

Top non-repeatable levels by time:
     D:1: 853 daAuts
     D:3: 189 daAuts
     D:2: 49 daAuts
